 Dungeon Crawl Stone Soup version 0.20-a0-971-g5896763 (webtiles) character file.

5332 HankScorpio the Frost Mage (level 10, -6/106 HPs)
             Began as an Ogre Ice Elementalist on Apr 9, 2017.
             Was a Follower of Sif Muna.
             Killed from afar by Erica (22 damage)
             ... with an orb of energy
             ... on level 8 of the Dungeon.
             The game lasted 00:27:16 (10959 turns).

HankScorpio the Frost Mage (Ogre Ice Elementalist) Turns: 10959, Time: 00:27:17

Health: -6/106     AC: 11    Str: 24    XL:     10   Next: 64%
Magic:  6/21       EV: 15    Int: 19    God:    Sif Muna [*.....]
Gold:   316        SH:  0    Dex:  9    Spells: 10/24 levels left

rFire    . . .     SeeInvis .   a - +2 quarterstaff of Anger {holy, rElec Str+10 Dex-5 Stlth+}
rCold    + . .     Gourm    .   (shield currently unavailable)
rNeg     . . .     Faith    .   n - +1 robe
rPois    +         Spirit   .   (helmet restricted)
rElec    +         Reflect  .   G - scarf {rC+}
rCorr    .         Harm     .   (gloves unavailable)
MR       +....                  (boots unavailable)
Stlth    +++.......             F - amulet of regeneration
Regen    0.7/turn               e - ring of poison resistance
MPRegen  0.2/turn               K - ring of wizardry

@: agile, icy armour, about to teleport, divine energy, slow
A: unfitting armour, tough skin 1
a: Stop Divine Energy, Renounce Religion


You were on level 8 of the Dungeon.
You worshipped Sif Muna.
Sif Muna was aware of your devotion.
You were very hungry.

You visited 2 branches of the dungeon, and saw 10 of its levels.

You collected 316 gold pieces.

Inventory:

Hand Weapons
 a - the +2 quarterstaff of Anger (weapon) {holy, rElec Str+10 Dex-5 Stlth+}
   (You found it on level 5 of the Dungeon)

   It has been blessed by the Shining One to cause great damage to the undead
   and demons.
   It affects your strength (+10).
   It affects your dexterity (-5).
   It insulates you from electricity.
   It makes you more stealthy.
 b - a +0 hunting sling
 y - a +2 glaive of freezing
Missiles
 i - 444 stones (quivered)
 v - 84 sling bullets
Armour
 n - a +1 robe (worn)
 G - a scarf of cold resistance (worn)
 N - a +0 cloak
Jewellery
 e - a ring of poison resistance (left hand)
 f - a +3 ring of dexterity
 j - a +3 ring of evasion
 k - a +3 ring of dexterity
 q - an uncursed ring of protection from cold
 F - an amulet of regeneration (around neck)
 K - a ring of wizardry (right hand)
Wands
 A - a wand of confusion (29/48)
Scrolls
 h - a scroll of teleportation
 u - 2 scrolls of recharging
 x - 2 scrolls of enchant armour
 H - a scroll of immolation
 I - a scroll of enchant weapon
 J - a scroll of random uselessness
 M - a scroll of fog {unknown}
 P - a scroll of noise {unknown}
Potions
 m - 2 potions of lignification
 r - 2 potions of berserk rage
 t - a potion of degeneration
 w - a potion of might
 z - 2 potions of flight
 B - a potion of haste
 C - 2 potions of mutation
 D - a potion of cancellation {unknown}
 E - 2 potions of agility
 Q - a potion of magic {unknown}
Books
 p - a book of Frost

   Spells                             Type                      Level
   a - Freeze                         Ice                          1
   b - Throw Frost                    Conjuration/Ice              2
   c - Ozocubu's Armour               Charms/Ice                   3
   d - Throw Icicle                   Conjuration/Ice              4
   e - Summon Ice Beast               Ice/Summoning                4
 L - a book of Geomancy

   Spells                             Type                      Level
   a - Sandblast                      Earth                        1
   b - Passwall                       Transmutation/Earth          2
   c - Stone Arrow                    Conjuration/Earth            3
   d - Petrify                        Transmutation/Earth          4
   e - Lee's Rapid Deconstruction     Earth                        5
 R - a book of Clouds

   Spells                             Type                      Level
   a - Poisonous Vapours              Poison/Air                   2
   b - Mephitic Cloud                 Conjuration/Poison/Air       3
   c - Conjure Flame                  Conjuration/Fire             3
   d - Freezing Cloud                 Conjuration/Ice/Air          6
   e - Ring of Flames                 Charms/Fire                  7
Comestibles
 c - 7 bread rations
 d - 15 royal jellies
 l - 6 meat rations
 O - 3 fruits


   Skills:
 + Level 8.7 Fighting
 - Level 1.7 Dodging
 - Level 1.4 Stealth
 + Level 7.6 Spellcasting
 * Level 7.0 Conjurations
 * Level 9.3 Ice Magic


You had 10 spell levels left.
You knew the following spells:

 Your Spells              Type           Power        Failure   Level  Hunger
a - Freeze                Ice            ####         1%          1    None
b - Throw Frost           Conj/Ice       #####.       1%          2    None
c - Ozocubu's Armour      Chrm/Ice       ####....     1%          3    #......
d - Summon Ice Beast      Ice/Summ       ####....     6%          4    ###....
e - Throw Icicle          Conj/Ice       #####...     1%          4    ###....


Dungeon Overview and Level Annotations

Branches:
Dungeon (9/15)             Temple (1/1) D:7             Orc (0/2) D:9
   Lair: D:8-11

Altars:
Ashenzari
Cheibriados
Dithmenos
Elyvilon
Fedhas
Gozag
Hepliaklqana
Kikubaaqudgha
Makhleb
Nemelex Xobeh
Qazlal
Ru
Sif Muna
Trog
Uskayaw
Vehumet
Wu Jian
Xom
Yredelemnul
Zin
The Shining One

Shops:
D:8 *   D:9 =

Annotations:
D:3 1 runed door
D:9 Erica


Innate Abilities, Weirdness & Mutations

You are too large for most types of armour.
You have tough skin. (AC +1)


Message History

Found Pustiyc's Jewellery Shoppe.
There is an escape hatch in the ceiling here.
Something hits you!
* * * LOW HITPOINT WARNING * * *
Something burns you.
* * * LOW HITPOINT WARNING * * *
The heat melts your icy armour. A mysterious force pulls you upwards.
The hatch slams shut behind you. Something hits you.
* * * LOW HITPOINT WARNING * * *
Something burns you.
* * * LOW HITPOINT WARNING * * *
The heat melts your icy armour.
You see here an arrow.
As you read the scroll of teleportation, it crumbles to dust.
You feel strangely unstable. Something hits you but does no damage.
You hear some strange, mumbled words.
An orb of energy appears from out of thin air!
The orb of energy hits you!
You die...

#.........# ##.###...#..####.#
#####.##### #########≈.# #.# #.#
#.### #≈.## #.#
#####.###########.#.###### #.#
#......#........#....## #.#
#.###..#.######.......########.#
#.# #..#......#................#
#.# #..#......#.{...[.##########
#.# #........(#@#....## #.#
##.#...(........## #.#
#.#......#.#####
#.####.#.######.#
#......#........#
#################


There were no monsters in sight!

Vanquished Creatures
  An ugly thing (D:9)
  Maurice (D:8)
  Psyche (D:9)
  3 hippogriffs
  3 yaks
  2 ice beasts
  A sky beast (D:6)
  2 ogres
  2 centaurs
  A gnoll sergeant (D:7)
  4 bullfrogs
  5 scorpions
  5 killer bees (D:8)
  4 howler monkeys
  3 crimson imps
  A jelly (D:4)
  4 hounds
  2 bullfrog skeletons
  A centaur skeleton (D:4)
  6 orc priests
  4 orc wizards
  Jessica (D:3)
  An iguana (D:8)
  7 worker ants
  A killer bee zombie (D:6)
  2 hound zombies
  Robin (D:2)
  A worker ant zombie (D:5)
  12 gnolls
  A howler monkey skeleton (D:8)
  A howler monkey zombie (D:6)
  10 adders
  A shadow imp (D:8)
  6 oozes
  An adder zombie (D:8)
  3 adder skeletons
  3 worms
  3 dart slugs
  3 leopard geckos
  18 orcs
  17 giant cockroaches
  18 goblins
  10 hobgoblins
  16 jackals
  7 quokkas
  15 bats
  8 frilled lizards
  A jackal skeleton (D:4)
  11 kobolds
  A leopard gecko skeleton (D:5)
  5 rats
241 creatures vanquished.

Vanquished Creatures (collateral kills)
  A yak (D:9)
  A wyvern (D:9)
  2 ogres
  A crocodile (D:9)
  A scorpion (D:7)
  3 jellies (D:8)
  A worker ant (D:8)
  A hound skeleton (D:9)
  3 oozes (D:8)
14 creatures vanquished.

Grand Total: 255 creatures vanquished

Notes
Turn   | Place    | Note
-------+----------+-------------------------------------------
     0 | D:1      | HankScorpio the Ogre Ice Elementalist began the quest for the Orb.
     0 | D:1      | Reached XP level 1. HP: 16/16 MP: 3/3
    35 | D:1      | Reached skill level 1 in Fighting
    35 | D:1      | Reached skill level 3 in Ice Magic
    35 | D:1      | Reached XP level 2. HP: 23/27 MP: 0/5
   347 | D:1      | Reached XP level 3. HP: 16/35 MP: 2/6
  1186 | D:2      | Learned a level 2 spell: Throw Frost
  1353 | D:2      | Found a glowing golden altar of the Shining One.
  1356 | D:2      | Reached XP level 4. HP: 42/42 MP: 4/8
  1627 | D:2      | Reached skill level 4 in Ice Magic
  1850 | D:2      | Reached XP level 5. HP: 11/50 MP: 0/9
  1856 | D:2      | HP: 2/50 [gnoll (2)]
  2160 | D:2      | Noticed Robin
  2268 | D:2      | Killed Robin
  2277 | D:2      | HP: 2/50 [goblin/club[Robin] (6)]
  3027 | D:3      | Learned a level 3 spell: Ozocubu's Armour
  3116 | D:3      | Noticed Jessica
  3121 | D:3      | Killed Jessica
  3238 | D:3      | Reached XP level 6. HP: 53/61 MP: 7/11
  3721 | D:3      | Found a hide-covered altar of Uskayaw.
  3878 | D:3      | Reached skill level 5 in Ice Magic
  4303 | D:3      | Found a runed door.
  4523 | D:4      | Found a sacrificial altar of Ru.
  4871 | D:4      | Reached XP level 7. HP: 70/70 MP: 13/13
  5321 | D:5      | Entered Level 5 of the Dungeon
  5665 | D:5      | Got a faintly glowing quarterstaff
  5666 | D:5      | Identified the +2 quarterstaff of Anger {holy, rElec Str+10 Dex-5 Stlth+} (You found it on level 5 of the Dungeon)
  5712 | D:5      | Reached skill level 6 in Ice Magic
  5857 | D:5      | Reached skill level 5 in Fighting
  5999 | D:5      | Reached skill level 5 in Spellcasting
  6011 | D:5      | Found an ornate altar of the Wu Jian Council.
  6104 | D:5      | Reached skill level 1 in Conjurations
  6104 | D:5      | Reached XP level 8. HP: 24/81 MP: 15/15
  6412 | D:5      | Found a bloodstained altar of Trog.
  6412 | D:5      | Found a blossoming altar of Fedhas.
  6412 | D:5      | Found a shattered altar of Ashenzari.
  6413 | D:5      | Found a stormy altar of Qazlal.
  7248 | D:7      | Reached skill level 7 in Ice Magic
  7374 | D:7      | Found a snail-covered altar of Cheibriados.
  7484 | D:7      | Found a burning altar of Makhleb.
  7791 | D:7      | Noticed a hippogriff
  7810 | D:7      | Killed a hippogriff
  7810 | D:7      | Reached XP level 9. HP: 32/92 MP: 10/17
  7956 | D:7      | Learned a level 4 spell: Summon Ice Beast
  7961 | D:7      | Learned a level 4 spell: Throw Icicle
  7970 | D:7      | Found a staircase to the Ecumenical Temple.
  8439 | D:8      | Noticed Maurice
  8461 | D:8      | Killed Maurice
  8658 | D:8      | Reached skill level 8 in Ice Magic
  8664 | D:8      | Reached skill level 5 in Conjurations
  9401 | D:8      | Found Zin's Purification Station.
  9404 | D:8      | Found a glowing silver altar of Zin.
  9889 | D:8      | Reached XP level 10. HP: 97/104 MP: 20/20
  9918 | Temple   | Entered the Ecumenical Temple
 10078 | Temple   | Became a worshipper of Sif Muna the Loreminder
 10218 | D:9      | Noticed Psyche
 10229 | D:9      | Noticed a green ugly thing
 10241 | D:9      | Found a staircase to the Orcish Mines.
 10523 | D:9      | Killed Psyche
 10523 | D:9      | Reached skill level 9 in Ice Magic
 10589 | D:9      | HP: 7/157 [hippogriff (6)]
 10617 | D:9      | Noticed Erica
 10641 | D:9      | HP: 4/106 [something (12)]
 10874 | D:9      | Reached * piety under Sif Muna
 10908 | D:9      | Killed a purple ugly thing
 10951 | D:9      | Found Pustiyc's Jewellery Shoppe.
 10959 | D:8      | Killed from afar by Erica

Vault maps used:
D:1:      erik_arrival_gehennom, corexii_hall_statues_x
D:2:      lemuel_coloured_pillars_altar, roderic_roman_lattice, minivault_23,
          minmay_misc_feat_room, kennysheep_flooded_box, uniq_robin
D:3:      minmay_roachtagon, overflow_temple_1_default, first_bread,
          hangedman_feature_mirror, uniq_crazy_yiuf_cottage, uniq_jessica
D:4:      nicolae_ru_sacrificial_ziggurat
D:5:      kennysheep_spiral_hall, kennysheep_little_box, minitemple
D:7:      nicolae_overflow_crystal_walls, old_standard_altar,
          minmay_temple_entry_from_below_a
D:8:      zin_purify, hangedman_little_slice_of_home, uniq_maurice
D:9:      okawaru_gym_becter, orc_0_dummy, serial_shops, shop, uniq_psyche,
          uniq_erica
Temple:   minmay_temple_curvy_loop

Skill      XL: |  1  2  3  4  5  6  7  8  9 10 |
---------------+-------------------------------+-----
Fighting       | 1 2 3 4 5 6 7 8 |  8.7
Ice Magic      | 3 4 5 6 7 8 9 |  9.3
Spellcasting   | 3 4 5 6 7 |  7.6
Conjurations   | 1 4 5 7 |  7.0
Dodging        | |  1.7
Stealth        | |  1.4

Action                   |  1- 3 |  4- 6 |  7- 9 | 10-12 || total
-------------------------+-------+-------+-------+-------++-------
Melee: Unarmed           |    27 |    11 |       |       ||    38
       Spear             |       |    47 |       |       ||    47
       Glaive            |       |    38 |    10 |       ||    48
       Quarterstaff      |       |       |   214 |    63 ||   277
 Fire: Hunting sling     |       |    71 |    64 |       ||   135
Throw: Stone             |     7 |       |       |       ||     7
 Cast: Freeze            |    56 |   105 |   163 |    62 ||   386
       Ozocubu's Armour  |       |     1 |    10 |     7 ||    18
       Summon Ice Beast  |       |       |     6 |    14 ||    20
Invok: Divine Energy     |       |       |       |     1 ||     1
  Use: Potion            |       |     2 |       |     6 ||     8
       Scroll            |       |     8 |     1 |    13 ||    22
 Stab: Sleeping          |     1 |     1 |     2 |       ||     4
  Eat: Chunk             |     2 |    10 |    17 |     5 ||    34
Armor: Robe              |    18 |    61 |   135 |    38 ||   252
       Skin              |       |       |       |    19 ||    19
Dodge: Dodged            |    35 |   113 |   260 |    62 ||   470
